 Dungeon Crawl Stone Soup version 0.22.1-1-ga44c0e56f4 (webtiles) character file.

7326 sipior the Grappler (level 10, 0/98 HPs)
             Began as a Troll Conjurer on Oct 13, 2018.
             Was an Elder of Okawaru.
             Succumbed to a meliai's poison
             ... on level 8 of the Dungeon.
             The game lasted 00:49:54 (10751 turns).

sipior the Grappler (Troll Conjurer)               Turns: 10751, Time: 00:49:54

Health: 0/98       AC: 10    Str: 18    XL:     10   Next: 90%
Magic:  11/11      EV: 13    Int: 11    God:    Okawaru [****..]
Gold:   455        SH:  0    Dex: 13    Spells: 9/11 levels left

rFire    . . .     SeeInvis .     - Unarmed
rCold    + . .     Gourm    +   (no shield)
rNeg     . . .     Faith    .   q - +0 robe
rPois    .         Spirit   .   (helmet restricted)
rElec    .         Reflect  .   B - +0 cloak
rCorr    .         Harm     .   (gloves unavailable)
MR       .....                  (boots unavailable)
Stlth    ++........             (no amulet)
HPRegen  0.66/turn              l - +4 ring of protection
MPRegen  0.12/turn              C - ring of protection from cold

@: lethally poisoned (0 -> -26)
A: large, unfitting armour, claws 3, fast metabolism 3, gourmand, regeneration
1, shaggy fur 1, tough skin 2
a: Heroism, Renounce Religion


You were on level 8 of the Dungeon.
You worshipped Okawaru.
Okawaru was greatly pleased with you.
You were not hungry.

You visited 2 branches of the dungeon, and saw 9 of its levels.

You collected 455 gold pieces.

Inventory:

Hand Weapons
 a - a +0 blowgun
 v - a +0 giant spiked club
 z - a +2 whip of electrocution
Missiles
 h - 3 tomahawks
 p - 6 javelins (quivered)
 r - 18 poisoned needles
 w - 2 throwing nets
 x - a needle of confusion
Armour
 q - a +0 robe (worn)
 B - a +0 cloak (worn)
Jewellery
 l - a +4 ring of protection (left claw)
 y - an uncursed ring of wizardry
 C - a ring of protection from cold (right claw)
Wands
 s - a wand of flame (21)
Scrolls
 b - a scroll of blinking {unknown}
 f - 3 scrolls of remove curse
 g - 2 scrolls of immolation
 i - 3 scrolls of fear
 j - 3 scrolls of teleportation
 k - 2 scrolls of amnesia {unknown}
 n - 2 scrolls of enchant weapon {unknown}
 o - a scroll of magic mapping {unknown}
 A - a scroll of random uselessness {unknown}
 F - 2 scrolls of enchant armour {unknown}
 G - a scroll of holy word {unknown}
Potions
 d - a potion of magic
 e - 7 potions of curing
 m - 2 potions of cancellation
 t - a potion of ambrosia {unknown}
 u - a potion of invisibility {unknown}
 D - a potion of agility
 E - a potion of heal wounds
 H - 2 potions of lignification
 I - a potion of degeneration {unknown}
Comestibles
 c - 23 rations


   Skills:
 - Level 6.0 Fighting
 + Level 7.6 Throwing
 - Level 6.3 Dodging
 - Level 1.0 Stealth
 + Level 8.3 Unarmed Combat
 - Level 1.2 Spellcasting
 - Level 2.9 Conjurations
 + Level 2.6 Hexes
 + Level 3.6 Invocations


You had 9 spell levels left.
You knew the following spells:

 Your Spells              Type           Power        Failure   Level  Hunger
a - Magic Dart            Conj           #...         10%         1    ##.....
b - Confusing Touch       Hex            #.....       11%         1    ##.....

Your spell library contained the following spells:

 Spells                   Type           Power        Failure   Level  Hunger
 Searing Ray              Conj           #.....       14%         2    ###....
 Dazzling Spray           Conj/Hex       #.....       30%         3    ####...
 Infusion                 Chrm           #...         32%         1    ##.....
 Confuse                  Hex            #.......     32%         3    ####...
 Shroud of Golubria       Chrm/Tloc      #.........   43%         2    ###....
 Song of Slaying          Chrm           #.......     43%         2    ###....
 Spectral Weapon          Hex/Chrm       #.......     50%         3    ####...
 Gell's Gravitas          Tloc           #.........   67%         3    ####...
 Regeneration             Chrm/Necr      #.........   67%         3    ####...
 Iskenderun's Mystic Bla  Conj           #.......     67%         4    #####..
 Fulminant Prism          Conj/Hex       #.........   69%         4    #####..
 Force Lance              Conj/Tloc      #.......     86%         4    #####..
 Petrify                  Tmut/Erth      #.......     97%         4    #####..
 Metabolic Englaciation   Hex/Ice        #.........   99%         5    ######.
 Yara's Violent Unravell  Hex/Tmut       #.........   99%         5    ######.


Dungeon Overview and Level Annotations

Branches:
Dungeon (8/15)             Temple (1/1) D:7
   Lair: D:8-11

Altars:
Ashenzari
Cheibriados
Dithmenos
Elyvilon
Fedhas
Gozag
Hepliaklqana
Kikubaaqudgha
Makhleb
Nemelex Xobeh
Okawaru
Ru
Sif Muna
Trog
Uskayaw
Vehumet
Wu Jian
Xom
Yredelemnul
Zin
The Shining One


Innate Abilities, Weirdness & Mutations

You are too large for most types of armour.
You have claws for hands.
Your metabolism is lightning-fast.
You like to eat raw meat.
Your natural rate of healing is unusually fast.
You are covered in fur. (AC +1)
You have very tough skin. (AC +2)


Message History

The deep elf mage gestures at you while chanting.
The lance of force hits you!
You are knocked back by the lance of force.
You slam into the stone wall!
* * * LOW HITPOINT WARNING * * *
The battlesphere fires!
As you read the scroll of teleportation, it crumbles to dust.
You feel strangely unstable.
You feel sick. The meliai misses you.
The meliai stings you but does no damage.
The meliai misses you. The meliai stings you.
* * * LOW HITPOINT WARNING * * *
The meliai barely misses you. The meliai stings you!
* * * LOW HITPOINT WARNING * * *
You are lethally poisoned!
The meliai poisons you! The meliai misses you. The meliai stings you.
* * * LOW HITPOINT WARNING * * *
You are more poisoned.
The meliai poisons you!
Your surroundings suddenly seem different.
You die...

.)...............##...........###
.#...............##..........##
.#####...........##..........#
.############# #............##
.......# #.#<.........# .......#
#.#.####..####
.......#########)#.#####.##.+
.......#.........#...)......#
.......#........@###........#
.......#.........###.####.####
.......'......)).......>...#.#
.......#####.#######.....#...##
.......# ###..######..#..#....# #
.##.######...)).)..#).#..#...####
.##..# ##..###'###.............<#
.###.###..##.....##..........#..#
.........##.......##.........#)†#


There were no monsters in sight!

Vanquished Creatures
  3 two-headed ogres
  Pikel (D:4)
  Prince Ribbit (D:5)
  A hippogriff (D:7)
  Sigmund (D:5)
  Eustachio (D:4)
  A hungry ghost (D:8)
  Edmund (D:4)
  Duvessa (D:4)
  Purgy (D:2)
  A black bear (D:7)
  2 ice beasts
  2 sky beasts
  2 phantoms
  5 ogres
  3 slaves (D:4)
  2 centaurs
  2 bullfrogs
  A big kobold (D:8)
  Dowan (D:4)
  3 scorpions
  7 wights
  4 crimson imps
  A bullfrog zombie (D:8)
  2 howler monkeys
  A quasit (D:6)
  A centaur zombie (D:8)
  An orc priest (D:7)
  5 hounds
  11 orc wizards
  A bullfrog skeleton (D:8)
  An iguana (D:8)
  Crazy Yiuf (D:5)
  3 centaur skeletons
  2 gnoll shamans (D:4)
  Natasha (thrice) (D:3)
  6 worker ants
  A hound zombie (D:6)
  Robin (D:2)
  41 gnolls
  13 adders
  A shadow imp (D:6)
  An ooze (D:1)
  2 adder skeletons
  5 worms
  2 dart slugs
  7 leopard geckos
  21 orcs
  2 ball pythons
  4 bats
  9 giant cockroaches
  18 goblins
  7 hobgoblins
  24 jackals
  14 kobolds
  2 quokkas
  5 frilled lizards
  A jackal skeleton (D:5)
  2 leopard gecko skeletons
  6 rats
275 creatures vanquished.

Vanquished Creatures (others)
  An orc (D:5)
1 creature vanquished.

Grand Total: 276 creatures vanquished

Notes
Turn   | Place    | Note
-------+----------+-------------------------------------------
     0 | D:1      | sipior the Troll Conjurer began the quest for the Orb.
     0 | D:1      | Reached XP level 1. HP: 16/16 MP: 1/1
   240 | D:1      | Reached XP level 2. HP: 26/26 MP: 2/2
   513 | D:1      | Reached skill level 1 in Throwing
   513 | D:1      | Reached skill level 1 in Unarmed Combat
   532 | D:1      | Reached XP level 3. HP: 32/32 MP: 3/3
   820 | D:2      | Reached skill level 1 in Fighting
   911 | D:2      | Noticed a hand axe
   913 | D:2      | Noticed a hand axe
   914 | D:2      | Found a hide-covered altar of Uskayaw.
  1033 | D:2      | Reached XP level 4. HP: 23/41 MP: 4/4
  1574 | D:3      | Noticed Robin
  1647 | D:2      | Killed Robin
  1746 | D:3      | Reached skill level 2 in Unarmed Combat
  1794 | D:3      | Reached XP level 5. HP: 42/49 MP: 5/5
  2043 | D:3      | Noticed Natasha
  2048 | D:3      | Killed Natasha
  2284 | D:3      | Reached XP level 6. HP: 47/57 MP: 6/6
  2317 | D:3      | Noticed Natasha
  2332 | D:3      | Killed Natasha
  2364 | D:3      | Noticed Purgy
  2384 | D:3      | Noticed Natasha
  2396 | D:2      | Killed Purgy
  2396 | D:2      | Reached skill level 3 in Unarmed Combat
  2455 | D:3      | Killed Natasha
  2856 | D:4      | Noticed Duvessa
  3004 | D:4      | Reached XP level 7. HP: 65/66 MP: 7/7
  3019 | D:4      | Noticed Edmund
  3033 | D:4      | Killed Edmund
  3507 | D:4      | Reached skill level 4 in Unarmed Combat
  3664 | D:4      | Reached XP level 8. HP: 66/76 MP: 8/8
  3861 | D:4      | Noticed Dowan
  3875 | D:4      | Killed Duvessa
  3886 | D:4      | Killed Dowan
  3928 | D:4      | Found an iron altar of Okawaru.
  3942 | D:4      | Became a worshipper of Warmaster Okawaru
  4024 | D:4      | Noticed Eustachio
  4050 | D:4      | Killed Eustachio
  4050 | D:4      | Reached skill level 5 in Unarmed Combat
  4059 | D:4      | Noticed Pikel
  4812 | D:4      | Killed Pikel
  4812 | D:4      | Reached * piety under Okawaru
  4812 | D:4      | Reached skill level 5 in Throwing
  4812 | D:4      | Reached skill level 5 in Dodging
  4812 | D:4      | Reached XP level 9. HP: 17/85 MP: 9/9
  4956 | D:5      | Entered Level 5 of the Dungeon
  4956 | D:5      | Noticed a two-headed ogre
  5174 | D:5      | Noticed Sigmund
  5178 | D:5      | Killed Sigmund
  5205 | D:5      | Reached skill level 5 in Fighting
  5205 | D:5      | Reached skill level 6 in Unarmed Combat
  5285 | D:5      | Found a runed door.
  5289 | D:5      | Noticed Crazy Yiuf
  5291 | D:5      | Killed Crazy Yiuf
  5531 | D:5      | Reached ** piety under Okawaru
  5677 | D:5      | Noticed Prince Ribbit
  5705 | D:5      | Killed Prince Ribbit
  5761 | D:5      | Found a snail-covered altar of Cheibriados.
  6012 | D:5      | Killed a two-headed ogre
  6109 | D:5      | Reached *** piety under Okawaru
  6178 | D:5      | Reached skill level 7 in Unarmed Combat
  6692 | D:6      | Found a sacrificial altar of Ru.
  8108 | D:7      | Reached XP level 10. HP: 98/98 MP: 10/10
  8364 | D:6      | Learned a level 1 spell: Confusing Touch
  8515 | D:7      | Found a staircase to the Ecumenical Temple.
  8520 | Temple   | Entered the Ecumenical Temple
  9051 | D:7      | Reached skill level 1 in Invocations
  9423 | D:8      | Reached skill level 1 in Hexes
  9805 | D:8      | Found a shattered altar of Ashenzari.
  9848 | D:8      | Noticed a two-headed ogre
  9867 | D:8      | Killed a two-headed ogre
  9867 | D:8      | Reached **** piety under Okawaru
  9869 | D:8      | Reached skill level 8 in Unarmed Combat
  9947 | D:8      | Found a white marble altar of Elyvilon.
 10275 | D:8      | Noticed an orc knight
 10275 | D:8      | Noticed a deep elf mage
 10421 | D:8      | Noticed a two-headed ogre
 10673 | D:8      | Noticed a two-headed ogre
 10691 | D:8      | Killed a two-headed ogre
 10750 | D:8      | HP: 4/98 [meliai/flail (10)]
 10751 | D:8      | Succumbed to a meliai's poison

Skill      XL: |  1  2  3  4  5  6  7  8  9 10 |
---------------+-------------------------------+-----
Throwing       | 1 2 3 5 6 7 |  7.6
Dodging        | 2 3 4 5 6 |  6.3
Unarmed Combat | 1 2 3 4 5 7 8 |  8.3
Fighting       | 1 2 3 4 5 6 |  6.0
Invocations    | 3 |  3.6
Hexes          | 2 |  2.6
Stealth        | |  1.0
Spellcasting   | |  1.2
Conjurations   | |  2.9

Action                   |  1- 3 |  4- 6 |  7- 9 | 10-12 || total
-------------------------+-------+-------+-------+-------++-------
Melee: Unarmed           |   108 |   234 |   457 |   215 ||  1014
       Punch             |       |       |    11 |     8 ||    19
 Fire: Blowgun           |       |       |    24 |     6 ||    30
Throw: Stone             |     1 |     6 |       |     4 ||    11
       Tomahawk          |       |     4 |       |     7 ||    11
       Javelin           |       |    10 |    30 |    21 ||    61
  Use: Scroll            |       |     6 |     4 |     5 ||    15
       Potion            |       |       |     1 |       ||     1
 Stab: Sleeping          |       |     3 |     1 |       ||     4
       Confused          |       |       |       |     5 ||     5
  Eat: Chunk             |    15 |    18 |    37 |    36 ||   106
Armor: Robe              |    40 |    99 |   210 |    60 ||   409
Dodge: Dodged            |    52 |   122 |   225 |   111 ||   510
